 Dungeon Crawl Stone Soup version 0.31.0 (webtiles) character file.

Game seed: 15424449711721539140

38892 bpung the Nimble (level 14, -8/92 HPs)
             Began as a Merfolk Shapeshifter on Jan 20, 2024.
             Was the Champion of Hepliaklqana.
             Mangled by a reaper
             ... wielding a +0 scythe of flaming
              (26 damage)
             ... on level 1 of the Orcish Mines.
             The game lasted 00:43:11 (16977 turns).

bpung the Nimble (Merfolk Shapeshifter)            Turns: 16977, Time: 00:43:12

Health: -8/92      AC: 12    Str: 19    XL:     14   Next: 4%
Magic:  14/14      EV: 28    Int:  9    God:    Hepliaklqana [******]
Gold:   1474       SH:  0    Dex: 20    Spells: 13/13 levels left

rFire   . . .        a - +9 mace of Propriety {flame, rElec rCorr}
rCold   . . .        (no shield)
rNeg    . . .        i - melded +2 robe {rC+}
rPois   .            f - +2 helmet
rElec   +            e - +2 cloak
rCorr   +            (no gloves)
SInv    .            (boots currently unavailable)
Will    +....        y - amulet of regeneration
Stlth   +++          q - +4 ring of protection
HPRegen 1.15/turn    h - +6 ring of dexterity
MPRegen 0.14/turn

%: no passive effects
@: maw-form, very quick
A: devouring maw, reduced essence, nimble swimmer 2, mertail, claws 1,
iridescent scales 1, frail 1, evolution 1
a: Begin Untransformation, Renounce Religion, Recall Ancestor, Ancestor
Identity, Transference, Idealise


You were on level 1 of the Orcish Mines.
You worshipped Hepliaklqana.
Hepliaklqana was exalted by your worship.
You were a creature with a mouth for a stomach.
You visited 3 branches of the dungeon, and saw 17 of its levels.
You also visited: Ossuary.

You collected 1474 gold pieces.

Inventory:

Hand Weapons
 a - the +9 mace of Propriety (weapon) {flame, rElec rCorr}
   (You found it on level 2 of the Dungeon)

   rElec:     It insulates you from electricity.
   rCorr:     It protects you from acid and corrosion.
 D - the +6 flail of the Beast {speed, rN+ Int-2 Dex+4}
   (You found it on level 4 of the Lair of Beasts)

   Int-2:     It affects your intelligence (-2).
   Dex+4:     It affects your dexterity (+4).
   rN+:       It protects you from negative energy.
Missiles
 b - 11 boomerangs
 g - 37 poisoned darts (quivered)
Armour
 e - a +2 cloak (worn)
 f - a +2 helmet (worn)
 i - a +2 robe of cold resistance (melded)
Jewellery
 h - a +6 ring of dexterity (right claw)
 l - a ring of willpower
 q - a +4 ring of protection (left claw)
 r - an amulet of the acrobat
 t - a ring of poison resistance
 y - an amulet of regeneration (around neck)
Talismans
 c - a beast talisman
 d - a flux talisman
 F - a maw talisman (active)
Wands
 n - a wand of paralysis (6)
 p - a wand of roots (30)
 v - a wand of digging (12)
 z - a wand of flame (5)
 E - a wand of polymorph (6)
 K - a wand of light (5)
Scrolls
 j - 11 scrolls of identify
 m - 2 scrolls of teleportation
 s - 3 scrolls of revelation
 x - a scroll of enchant armour
 H - a scroll of fog
 I - a scroll of poison
 L - a scroll of blinking
Potions
 k - 3 potions of enlightenment
 o - 2 potions of might
 u - 5 potions of curing
 w - a potion of magic
 A - 4 potions of invisibility
 B - 2 potions of mutation
 G - 2 potions of attraction
Miscellaneous
 J - a tin of tremorstones (2/2)
 M - a phial of floods (inert)


   Skills:
 - Level 12.0 Fighting
 - Level 11.5 Maces & Flails
 - Level 14.1 Dodging
 - Level 8.1 Unarmed Combat
 + Level 0.3 Evocations
 - Level 13.3 Shapeshifting


You had 13 spell levels left.
You didn't know any spells.
Your spell library contained the following spells:

 Spells                   Type           Power      Damage    Failure   Level
 Slow                     Hex            0%         N/A       38%         1
 Confusing Touch          Hex            0%         N/A       77%         3
 Dazzling Flash           Conj/Hex       0%         N/A       77%         3
 Hailstorm                Conj/Ice       0%         3d5       77%         3
 Sigil of Binding         Hex            0%         N/A       77%         3
 Summon Ice Beast         Ice/Summ       0%         N/A       77%         3
 Tukima's Dance           Hex            0%         N/A       77%         3
 Vampiric Draining        Necr           0%         2d6       77%         3
 Volatile Blastmotes      Fire/Tloc      0%         2d10      77%         3
 Dimensional Bullseye     Hex/Tloc       0%         N/A       99%         4
 Fulminant Prism          Conj/Alch      0%         3d5       99%         4
 Iskenderun's Mystic Bla  Conj/Tloc      0%         2d3       99%         4
 Passage of Golubria      Tloc           0%         N/A       99%         4
 Silence                  Hex/Air        0%         N/A       100%        5
 Sculpt Simulacrum        Ice/Alch       0%         N/A       100%        6
 Starburst                Conj/Fire      0%         6d3       100%        6
 Lehudib's Crystal Spear  Conj/Erth      0%         10d2      100%        8
 Maxwell's Capacitive Co  Air            0%         ∞         100%        8


Dungeon Overview and Level Annotations

Branches:
Dungeon (11/15)            Temple (0/1) D:4            Lair (5/5) D:9
  Swamp (0/4) Lair:3       Spider (0/4) Lair:2        Slime (0/5) Lair:4
    Orc (1/2) D:10        Ossuary (visited)

Altars:
Cheibriados
Fedhas
Gozag
Hepliaklqana
Okawaru
Qazlal
Ru
Uskayaw
Vehumet
Xom
The Shining One
Jiyva

Shops:
D:6 *   D:9 ?   Orc:1 *

Annotations:
D:9 1 runed translucent door, Driedwater's ghost, novice TrBe
Lair:3 2 transporters, groovy9's ghost, journeyman GrBe
Lair:4 exclusion: 2 oklob plants
Lair:5 Nessos


Innate Abilities, Weirdness & Mutations

You are a creature with a mouth for a stomach.
Your midsection houses a second, enormous mouth.
Your life essence is reduced to manifest your ancestor. (-10% HP)
You are very nimble when in or above water. (Stealth+, EV+, Speed+++)
Your lower body shifts to a powerful aquatic tail in water.
You have sharp fingernails.
You are partially covered in iridescent scales. (AC +2)
You are frail. (-10% HP)
You have hidden genetic potential.


Message History

The torrent of water hits the reaper but does no damage.
The reaper is knocked back by the torrent of water.
The reaper is engulfed in water.
The wave splashes down.
The soul eater is engulfed in water.
Tiberia hits the soul eater with a +0 quarterstaff!
The soul eater hits you but does no damage.
Your legs become a tail as you enter the water.
The soul eater misses you.
Tiberia completely misses the soul eater.
Tiberia barely misses the soul eater.
The soul eater draws from the surrounding life force!
The soul eater is healed.
You hit the reaper. You burn the reaper.
Your tail-slap misses the reaper.
You bite the reaper!
The reaper is moderately wounded.
The reaper hits you with a +0 scythe of flaming!!!
The reaper drags you backwards!
Floosh!
The reaper burns you!
Tiberia points at the soul eater and mumbles some strange words.
The puff of frost hits the soul eater.
The soul eater resists.
The soul eater completely misses you.
You hit the reaper but do no damage.
Your tail-slap misses the reaper.
Your bite misses the reaper.
The reaper is moderately wounded.
The soul eater is no longer waterlogged.
The reaper hits you with a +0 scythe of flaming!!
* * * LOW HITPOINT WARNING * * *
The reaper drags you backwards!
Floosh!
The reaper burns you.
* * * LOW HITPOINT WARNING * * *
You bludgeon the reaper!! You burn the reaper! Your bite misses the reaper.
The reaper is severely wounded.
The reaper is no longer waterlogged.
The reaper closely misses you.
You hit the reaper. You burn the reaper. Your bite misses the reaper.
The reaper is severely wounded.
The soul eater completely misses you.
Tiberia barely misses the soul eater.
The reaper hits you with a +0 scythe of flaming!!
You die...

.. ####......#.##..........
...##.##.#...............#..
##..............^..........####
#.....##...)....#.........##
##....##....)..............#
#......##).........>........#
#......#.....#..........##..#
###......#.#....2.).......#...#
...#...........~W~....#..###.##
.........))....R3~.......## #
...#.....))....~~~.#......##
#.......>))..<.....##.#....#
.#........##.....)).##.....#
.........##...#.##))......##
....#........#####).#....##
..............###.........#
...............###....##.##


You could see the friendly Tiberia the battlemage, a reaper and a soul eater
(ally target).

Vanquished Creatures
  The ghost of Bigaod the Fighter, a journeyman DsGl of Ru (Orc:1)
  2 hydras
  A catoblepas (Lair:1)
  2 two-headed ogres
  A lindwurm (Lair:4)
  An ugly thing (D:10)
  4 elephants
  2 black mambas
  8 cane toads
  An unseen horror (D:8)
  5 rime drakes
  A komodo dragon (Lair:1)
  A polar bear (Lair:1)
  2 trolls (D:10)
  A polar bear (shapeshifter) (D:10)
  10 blink frogs
  8 dream sheep
  2 jumping spiders (Lair:2)
  2 culicivoras (Lair:2)
  2 wyverns
  3 basilisks
  Sigmund (D:2)
  A fire elemental (Lair:5)
  24 yaks
  3 steam dragons
  A warg (Orc:1)
  A redback (Lair:2)
  An acid dragon (D:10)
  9 water moccasins
  6 orc warriors
  An ice beast (D:7)
  A black bear (Lair:2)
  2 ogres (Orc:1)
  5 wolves
  2 centaurs
  3 phantoms
  3 kobold brigands
  3 bullfrogs
  2 scorpions
  3 wights (D:6)
  A burial acolyte (Ossuary)
  12 killer bees
  3 hounds
  Crazy Yiuf (D:3)
  2 jellies
  A bombardier beetle (D:4)
  A gnoll bouda (D:8)
  2 sleepcaps (D:6)
  Jessica (D:3)
  Terence (D:2)
  2 iguanas (D:7)
  2 hell rats
  5 orc wizards
  5 gnolls
  7 adders
  A shadow imp (D:8)
  A ribbon worm (D:2)
  3 dart slugs (D:1)
  25 orcs
  10 ball pythons
  7 bats
  11 endoplasms
  2 giant cockroaches
  8 hobgoblins
  8 jackals
  13 kobolds
  2 quokkas (D:1)
  2 ball python skeletons (Ossuary)
  6 frilled lizards
  9 goblins
  A hobgoblin skeleton (Ossuary)
  A kobold skeleton (Ossuary)
  An orc skeleton (Ossuary)
  5 rats
294 creatures vanquished.

Vanquished Creatures (collateral kills)
  A hydra (Lair:2)
  3 two-headed ogres
  A skyshark (Lair:3)
  Pikel (D:5)
  A bog body (Lair:3)
  2 elephants
  2 black mambas
  A cane toad (Lair:3)
  Maggie (D:6)
  A komodo dragon (Lair:5)
  A rime drake (Lair:3)
  A polar bear (Lair:5)
  4 dream sheep
  2 blink frogs
  A wyvern (shapeshifter) (D:10)
  A wraith (D:9)
  2 wyverns
  Grum (D:8)
  11 yaks
  A redback (Lair:2)
  A steam dragon (D:8)
  7 water moccasins
  2 sky beasts
  3 orc warriors
  An ice beast (D:7)
  A black bear (Lair:1)
  5 wolves
  3 lemures (D:5)
  5 bullfrogs
  3 scorpions
  A burial acolyte (Ossuary)
  2 wights (Ossuary)
  11 killer bees
  A howler monkey (D:8)
  A jelly (D:8)
  4 orc priests
  3 hounds
  Ijyb (D:5)
  4 iguanas
  5 orc wizards
  3 hell rats (Lair:2)
  2 gnolls (D:8)
  2 adders (Lair:2)
  12 orcs
  3 kobolds (D:9)
  A ball python skeleton (Ossuary)
  A hobgoblin skeleton (Ossuary)
  2 kobold skeletons (Ossuary)
129 creatures vanquished.

Vanquished Creatures (others)
  An orc wizard (D:8)
  13 battlemagi
14 creatures vanquished.

Grand Total: 437 creatures vanquished

Notes
Turn   | Place    | Note
-------+----------+-------------------------------------------
     0 | D:1      | bpung the Merfolk Shapeshifter began the quest for the Orb.
     0 | D:1      | Reached XP level 1. HP: 15/15 MP: 1/1
   175 | D:1      | Reached XP level 2. HP: 11/21 MP: 2/2
   273 | D:1      | Reached skill level 3 in Dodging
   370 | D:1      | Reached XP level 3. HP: 4/26 MP: 3/3
  1073 | D:2      | Identified the +9 mace of Propriety {flame, rElec rCorr}
  1231 | D:2      | Reached XP level 4. HP: 14/33 MP: 4/4
  1522 | D:2      | Noticed Sigmund
  1527 | D:2      | Killed Sigmund
  1528 | D:2      | Reached skill level 1 in Maces & Flails
  1528 | D:2      | Reached skill level 4 in Dodging
  1528 | D:2      | Reached skill level 5 in Shapeshifting
  1528 | D:2      | Reached XP level 5. HP: 39/39 MP: 5/5
  1673 | D:2      | Noticed Terence
  1681 | D:2      | Killed Terence
  1682 | D:2      | Reached XP level 6. HP: 43/46 MP: 6/6
  2131 | D:3      | Found a hazy altar of Hepliaklqana.
  2136 | D:3      | Became a worshipper of Hepliaklqana the Forgotten
  2403 | D:3      | Noticed Jessica
  2404 | D:3      | Found a stormy altar of Qazlal.
  2411 | D:3      | Killed Jessica
  2750 | D:3      | Found a runed translucent door.
  2751 | D:3      | Noticed Crazy Yiuf
  2757 | D:3      | Killed Crazy Yiuf
  2987 | D:4      | Reached * piety under Hepliaklqana
  3130 | D:4      | Found a blossoming altar of Fedhas.
  3211 | D:4      | Found a snail-covered altar of Cheibriados.
  3217 | D:4      | Reached XP level 7. HP: 46/46 MP: 7/7
  3330 | D:4      | Found a staircase to the Ecumenical Temple.
  3565 | D:5      | Entered Level 5 of the Dungeon
  3662 | D:5      | Reached skill level 5 in Dodging
  3662 | D:5      | Reached skill level 5 in Unarmed Combat
  3744 | D:5      | Reached ** piety under Hepliaklqana
  3748 | D:5      | Remembered your ancestor Tiberia as a battlemage
  4324 | D:5      | Noticed Ijyb
  4328 | D:5      | Killed Ijyb
  4329 | D:5      | Reached XP level 8. HP: 53/54 MP: 8/8
  4410 | D:5      | Noticed Pikel
  4423 | D:5      | Killed Pikel
  4424 | D:5      | Reached skill level 6 in Dodging
  4756 | D:6      | Reached *** piety under Hepliaklqana
  4787 | D:6      | Found a hide-covered altar of Uskayaw.
  4812 | D:6      | Noticed Maggie
  4819 | D:6      | Reached skill level 5 in Fighting
  4819 | D:6      | Killed Maggie
  4820 | D:6      | Reached XP level 9. HP: 61/61 MP: 9/9
  4931 | D:6      | Found a glowing golden altar of the Shining One.
  4944 | D:6      | Found Ynauwauv's Lightly-Used Armoury.
  5122 | D:6      | Reached skill level 7 in Dodging
  5406 | D:7      | Reached skill level 10 in Shapeshifting
  5412 | D:7      | Found an opulent altar of Gozag.
  5552 | D:7      | Reached XP level 10. HP: 39/68 MP: 10/10
  5866 | D:7      | Found a sand-covered staircase.
  5872 | Ossuary  | Entered an ossuary
  6519 | D:8      | Noticed Grum
  6544 | D:7      | Reached skill level 8 in Dodging
  6666 | D:8      | Killed Grum
  6992 | D:8      | Reached **** piety under Hepliaklqana
  7234 | D:8      | Killed an unseen horror
  7235 | D:8      | Reached skill level 5 in Maces & Flails
  7362 | D:9      | Found a radiant altar of Vehumet.
  7413 | D:9      | Found a staircase to the Lair.
  7454 | D:9      | Noticed a two-headed ogre
  7461 | D:9      | Killed a two-headed ogre
  7582 | D:9      | Found a runed translucent door.
  7585 | D:9      | Noticed Driedwater's ghost (novice TrBe)
  7585 | D:9      | Identified the +9 spear "Qiuziumu" {protect, rCorr}
  7696 | D:9      | Noticed a two-headed ogre
  7698 | D:9      | Killed a two-headed ogre
  7699 | D:9      | Reached skill level 9 in Dodging
  7699 | D:9      | Reached XP level 11. HP: 75/75 MP: 11/11
  7757 | D:9      | Found Zellaose's Magic Scroll Shop.
  7779 | D:9      | Found an iron altar of Okawaru.
  8016 | D:9      | Found a sacrificial altar of Ru.
  8163 | D:10     | Entered Level 10 of the Dungeon
  8252 | D:10     | Noticed a white ugly thing
  8255 | D:10     | Noticed a two-headed ogre
  8467 | Lair:1   | Entered Level 1 of the Lair of Beasts
  8636 | Lair:1   | Noticed a catoblepas
  8657 | Lair:1   | Killed a catoblepas
  8821 | Lair:1   | Reached skill level 10 in Dodging
  9933 | Lair:2   | Reached XP level 12. HP: 71/85 MP: 12/12
 10014 | Lair:2   | Reached ***** piety under Hepliaklqana
 10080 | Lair:2   | Reached skill level 11 in Dodging
 10194 | Lair:2   | Noticed a four-headed hydra
 10200 | Lair:2   | Killed a four-headed hydra
 10399 | Lair:2   | Gained mutation: You are frail. (-10% HP) [potion of
                  | mutation]
 10399 | Lair:2   | Gained mutation: You have hidden genetic potential. [potion
                  | of mutation]
 10399 | Lair:2   | Gained mutation: You have sharp fingernails. [potion of
                  | mutation]
 10416 | Lair:2   | Found a hole to the Spider Nest.
 11305 | Lair:3   | Reached skill level 10 in Fighting
 11322 | Lair:3   | Found a shimmering altar of Xom.
 11617 | Lair:3   | Reached skill level 12 in Dodging
 11704 | Lair:3   | Noticed a six-headed hydra
 11717 | Lair:3   | Killed a six-headed hydra
 11846 | Lair:3   | Noticed a six-headed hydra
 11848 | Lair:3   | Noticed groovy9's ghost (journeyman GrBe)
 11852 | Lair:3   | Found a transporter.
 11863 | Lair:3   | Noticed an anaconda
 11865 | Lair:3   | Found a transporter.
 11867 | Lair:3   | Noticed a skyshark
 11881 | Lair:3   | Killed a skyshark
 11901 | Lair:3   | Found a staircase to the Swamp.
 12658 | Lair:4   | Identified the +6 flail of the Beast {speed, rN+ Int-2
                  | Dex+4}
 12764 | Lair:4   | Reached XP level 13. HP: 54/83 MP: 13/13
 13327 | Lair:4   | Reached skill level 10 in Maces & Flails
 13352 | Lair:4   | Found a viscous altar of Jiyva.
 13783 | Lair:3   | Reached skill level 13 in Dodging
 13803 | Lair:3   | Gained mutation: You are partially covered in iridescent
                  | scales. (AC +2) [hidden potential]
 14218 | Lair:4   | Found a staircase to the Slime Pits.
 14265 | Lair:5   | Entered Level 5 of the Lair of Beasts
 14403 | Lair:5   | Found the +3 Elemental Staff {ele, rElec rF+ rC+ AC+3}
 14798 | Lair:5   | Noticed Nessos
 15551 | D:10     | Found a staircase to the Orcish Mines.
 15609 | D:10     | Reached ****** piety under Hepliaklqana
 16247 | Orc:1    | Entered Level 1 of the Orcish Mines
 16282 | Orc:1    | Reached skill level 14 in Dodging
 16523 | Orc:1    | Found Qelid's General Store.
 16652 | Orc:1    | Reached XP level 14. HP: 55/91 MP: 14/14
 16708 | Orc:1    | Found a runed translucent door.
 16708 | Orc:1    | Noticed Bigaod's ghost (journeyman DsGl)
 16831 | Orc:1    | Killed Bigaod's ghost
 16921 | Orc:1    | Noticed a reaper
 16977 | Orc:1    | Mangled by a reaper

Illustrated notes

Levels and vault maps discovered:
D:1:      shiori_arrival_maze, layout_basic
D:2:      layout_basic, uniq_sigmund, uniq_terence
D:3:      layout_basic, lemuel_doored_altar, mainiacjoe_overflow_cross_hatched,
          uniq_jessica, uniq_crazy_yiuf_cottage
D:4:      layout_basic, fedhas_altar_3, slow_altar_1, minmay_temple_entry_fiery,
          serial_corexii_hall, chequers_hall_statues_corner_a,
          chequers_hall_statues_corner_a
D:5:      layout_gridville, uniq_ijyb, uniq_pikel
D:6:      layout_basic, overflow_temple_1_default,
          nicolae_uskayaw_murder_on_the_dancefloor, dreamdust_wishing_well,
          minmay_shop_damaged, kennysheep_generic_room_10, uniq_maggie
D:7:      layout_rooms, nicolae_gozag_cash_rules_everything_around_me,
          nicolae_ossuary_entry_plus, minmay_misc_feat_x
D:8:      layout_gridville, grunt_tough_drop, uniq_grum
D:9:      layout_stronghold, nicolae_vehumet_radiance, lemuel_round_altar,
          marbit_many_paths, dpeg_oklobed_lair, serial_shops,
          nicolae_shop_hallway_plus, serial_column_ruins,
          column_ruins_circle_small, column_ruins_open_small,
          column_ruins_columns_T, column_ruins_open_large,
          column_ruins_columns_straight, column_ruins_open_medium,
          ebering_ghost_funeral_grove
D:10:     layout_irregular_city, orc_0_dummy, minmay_stone_trees_large,
          minmay_increasing_density
D:11:     layout_roguey, chequers_serial_rivers_large_b,
          lightli_fourway_metalbox
Lair:1:   layout_loops_ring, serial_forest, infiniplex_forest_zigzag_2,
          infiniplex_forest_lined_1, infiniplex_forest_clump_cross,
          infiniplex_forest_straight_2, infiniplex_forest_lined_3,
          infiniplex_forest_straight_4, infiniplex_forest_corner_1,
          infiniplex_forest_end_2, nicolae_lair_grazing_beasts
          [nicolae_sub_lair_graze_edge, nicolae_sub_lair_graze_edge,
          nicolae_sub_lair_graze_edge, nicolae_sub_lair_graze_edge],
          lemuel_fruit_tree, infiniplex_staircase_pool
Lair:2:   layout_chaotic_city, nicolae_spider_entry_tight_spaces,
          cheibrodos_lair_reptile_den
Lair:3:   layout_chaotic_city, skrybe_swamp_entry_bodies, gammafunk_ghost_arena,
          basic_altar
Lair:4:   layout_regular_city, minmay_slime_entry_oklob_open
Lair:5:   hangedman_lair_caniforms_friends, layout_gridlike,
          nzn_sisyphean_effort, uniq_nessos
Orc:1:    layout_caves, serial_shops, nicolae_diamond_shop,
          gammafunk_ghost_grave, hellmonk_talismancer

Skill      XL: |  1  2  3  4  5  6  7  8  9 10 11 12 13 14 |
---------------+-------------------------------------------+-----
Dodging        | 3 4 5 6 7 9 10 12 14 | 14.1
Fighting       | 2 3 4 5 6 7 9 10 11 12 | 12.0
Maces & Flails | 1 2 3 4 5 7 9 11 | 11.5
Unarmed Combat | 4 5 6 8 |  8.1
Shapeshifting  | 5 6 7 9 10 12 13 | 13.3
Evocations     | |  0.3

Action                     |  1- 3 |  4- 6 |  7- 9 | 10-12 | 13-15 || total
---------------------------+-------+-------+-------+-------+-------++-------
  Melee: Unarmed           |    99 |       |       |       |       ||    99
         Punch             |     1 |       |     6 |    26 |    15 ||    48
         Mace              |    15 |    84 |   124 |   395 |   255 ||   873
         Tailslap          |       |       |       |     6 |       ||     6
         Maw               |       |       |       |       |    97 ||    97
  Throw: Dart              |       |       |       |     7 |       ||     7
 Invoke: Ancestor Life: Ba |       |       |     1 |       |       ||     1
         Recall Ancestor   |       |       |       |       |     1 ||     1
Ability: Begin Untransform |     1 |       |       |       |       ||     1
  Evoke: Wand              |       |       |       |     2 |     1 ||     3
         Tin of tremorston |       |       |       |       |     1 ||     1
         Phial of floods   |       |       |       |       |     1 ||     1
    Use: Scroll            |     1 |     2 |     8 |     7 |     3 ||    21
         Potion            |       |     2 |     3 |     7 |     1 ||    13
   Stab: Sleeping          |     2 |     1 |     1 |     1 |       ||     5
         Distracted        |       |       |     2 |    10 |       ||    12
 Armour: Animal skin       |    70 |     4 |       |       |       ||    74
         Robe              |       |    33 |    94 |   243 |     5 ||   375
         Skin              |       |       |       |       |   153 ||   153
  Dodge: Dodged            |    88 |    52 |   162 |   566 |   322 ||  1190
   Form: Maw               |       |       |       |       |     1 ||     1
